 Dungeon Crawl Stone Soup version 0.26.1-12-g5ba1501909 (webtiles) character file.

Game seed: 13672026475526459500

86 worthlessgem the Digger (level 4, 0/45 HPs)
             Began as a Formicid Earth Elementalist on Oct 5, 2021.
             Was an Initiate of Uskayaw.
             Slain by a hound (3 damage)
             ... on level 6 of the Dungeon on Oct 6, 2021.
             The game lasted 00:10:25 (3367 turns).

worthlessgem the Digger (FoEE)                      Turns: 3367, Time: 00:10:26

Health: 0/45       AC: 22    Str: 13    XL:     4   Next: 77%
Magic:  4/7        EV:  2    Int: 15    God:    Uskayaw [......]
Gold:   142        SH:  0    Dex: 11    Spells: 1/7 levels left

rFire    + . .     SeeInvis .   a - +0 dagger
rCold    x . .     Faith    .   (no shield)
rNeg     + + +     Spirit   .   (armour currently unavailable)
rPois    +         Reflect  .   (helmet unavailable)
rElec    .         Harm     .   (cloak currently unavailable)
rCorr    .         Rampage  .   (gloves currently unavailable)
Will     .....                  (boots currently unavailable)
Stlth    ++........             (no amulet)
HPRegen  0.15/turn              i - ring of fire
MPRegen  0.10/turn              (no ring)

@: mighty, tree-form, attractive
A: permanent stasis, dig shafts and tunnels, four strong arms
a: Renounce Religion


You were on level 6 of the Dungeon.
You worshipped Uskayaw.
Uskayaw was noncommittal.
You were a tree.
You visited 1 branch of the dungeon, and saw 5 of its levels.

You collected 142 gold pieces.

Inventory:

Hand Weapons
 a - a +0 dagger (weapon)
 b - a +0 hunting sling
Missiles
 f - 99 arrows
 g - 9 poisoned darts
 k - 7 silver javelins (quivered)
 l - 67 stones
Armour
 c - a +0 robe (melded)
Jewellery
 i - a ring of fire (left branch)
 m - an uncursed ring of positive energy {unknown}
 r - an uncursed ring of stealth {unknown}
Scrolls
 e - a scroll of identify {unknown}
 h - a scroll of teleportation {unknown}
 n - a scroll of random uselessness {unknown}
 o - a scroll of enchant armour {unknown}
 q - a scroll of remove curse {unknown}


   Skills:
 - Level 1.7 Dodging
 - Level 2.4 Stealth
 - Level 2.1 Spellcasting
 - Level 1.1 Transmutations
 + Level 6.2 Earth Magic


You had one spell level left.
You knew the following spells:

 Your Spells              Type           Power        Failure   Level
a - Sandblast             Erth           40%          1%          1
b - Passwall              Tmut/Erth      10%          8%          2
c - Stone Arrow           Conj/Erth      22%          19%         3

Your spell library contained the following spells:

 Spells                   Type           Power        Failure   Level
 Petrify                  Tmut/Erth      12%          43%         4
 Lee's Rapid Deconstruct  Erth           10%          43%         5


Dungeon Overview and Level Annotations

Branches:
Dungeon (4/15)
 Temple: D:4-7

Altars:
Uskayaw

Annotations:
D:3 Sigmund


Innate Abilities, Weirdness & Mutations

You cannot be hasted, slowed, berserked, paralysed or teleported.
You can dig through walls and to a lower floor.
Your four strong arms can wield two-handed weapons with a shield.
((You have a pair of large antennae on your head. (SInv)))


Message History

Unknown command.
Okay, then.
The hound barely misses you.
It was a potion of lignification.
You turn into a tree.
Your +0 robe melds into your body.
Your roots penetrate the ground.
The hound bites you but does no damage.
It was a potion of attraction.
You feel attractive to monsters.
The hound bites you but does no damage. x2
Unknown command.
Okay, then.
You stomp with the beat, sending a shockwave through the revellers around you!
The hound is heavily wounded.
You can no longer stomp with the beat.
The hound bites you but does no damage.
Unknown command.
You hit the hound.
The hound is heavily wounded.
The hound bites you but does no damage. The hound bites you.
You die...

#. ...# ### #.#
...# ..
#.###...#
#.##...#...####
##.#............
................
#.#......#
#.###.##...#.#.#
#...(.♣hF......#
############.###
.# .. ###


You could see a bullfrog and a hound.

Vanquished Creatures
  Natasha (D:2)
  An adder (D:2)
  2 oozes (D:1)
  A worm (D:2)
  3 leopard geckos
  2 giant cockroaches (D:1)
  6 goblins (D:1)
  5 hobgoblins
  4 kobolds
  5 bats
  4 frilled lizards
  3 rats
37 creatures vanquished.

Notes
Turn   | Place    | Note
-------+----------+-------------------------------------------
     0 | D:1      | worthlessgem the Formicid Earth Elementalist began the
                  | quest for the Orb.
     0 | D:1      | Reached XP level 1. HP: 13/13 MP: 3/3
   155 | D:1      | Reached skill level 4 in Earth Magic
   211 | D:1      | Reached XP level 2. HP: 19/19 MP: 5/5
   754 | D:1      | Reached XP level 3. HP: 23/24 MP: 6/6
  1007 | D:1      | Reached skill level 5 in Earth Magic
  2035 | D:2      | Found a hide-covered altar of Uskayaw.
  2280 | D:2      | Reached XP level 4. HP: 18/30 MP: 3/7
  2580 | D:2      | Noticed Natasha
  2953 | D:2      | Learned a level 2 spell: Passwall
  2957 | D:2      | Learned a level 3 spell: Stone Arrow
  3079 | D:2      | Became a worshipper of Uskayaw the Reveller
  3116 | D:3      | Noticed Sigmund
  3147 | D:2      | Killed Natasha
  3147 | D:2      | Reached * piety under Uskayaw
  3148 | D:2      | Reached skill level 6 in Earth Magic
  3347 | D:2      | You fall into a shaft and drop 2 floors!
  3347 | D:4      | Noticed an orc warrior
  3357 | D:4      | You fall into a shaft and drop 2 floors!
  3357 | D:6      | Noticed a bullfrog
  3357 | D:6      | Noticed a bullfrog
  3362 | D:6      | HP: 1/30 [bullfrog (4)]
  3367 | D:6      | Slain by a hound

Illustrated notes

Levels and vault maps discovered:
D:1:      elethiomel_arrival_shortcut, layout_basic
D:2:      layout_basic, old_standard_altar, uniq_natasha
D:3:      layout_rooms, goddamned_bats, uniq_sigmund
D:4:      layout_loops_ring, chequers_mini_garden, minmay_cut_off, uniq_ijyb,
          uniq_edmund, uniq_robin
D:6:      layout_loops_ring, serial_shops, shop

Skill      XL: |  1  2  3  4 |
---------------+-------------+-----
Earth Magic    | 4 5 6 |  6.2
Dodging        | |  1.7
Stealth        | |  2.4
Spellcasting   | |  2.1
Transmutations | |  1.1

Action                   |  1- 3 |  4- 6 || total
-------------------------+-------+-------++-------
Melee: Club              |    55 |       ||    55
       Unarmed           |     3 |       ||     3
       Dagger            |    49 |    21 ||    70
 Fire: Hunting sling     |     8 |    15 ||    23
Throw: Javelin           |     1 |     4 ||     5
 Cast: Sandblast         |     7 |     2 ||     9
       Passwall          |       |     3 ||     3
Invok: Stomp             |       |     1 ||     1
 Abil: Dig               |     8 |     3 ||    11
       Shaft Self        |       |     1 ||     1
  Use: Potion            |       |     3 ||     3
 Stab: Sleeping          |     3 |       ||     3
Armor: Robe              |    28 |     6 ||    34
       Skin              |       |     5 ||     5
Dodge: Dodged            |    86 |    20 ||   106
